 Dungeon Crawl Stone Soup version 0.30.1-9-gdf580d7c3d (webtiles) character file.

Game seed: 2182136396227235243

925 H0rd4k the Ducker (level 8, -5/60 HPs)
             Began as a Human Artificer on Oct 19, 2023.
             Slain by a black bear (6 damage)
             ... on level 6 of the Dungeon.
             The game lasted 00:08:17 (6356 turns).

H0rd4k the Ducker (Human Artificer)                 Turns: 6356, Time: 00:08:18

Health: -5/60      AC:  3    Str: 12    XL:     8   Next: 32%
Magic:  8/8        EV: 14    Int: 14    God:
Gold:   318        SH:  0    Dex: 20    Spells: 7/7 levels left

rFire   . . .        p - +0 dagger (freeze)
rCold   . . .        (no shield)
rNeg    . . .        b - +0 leather armour
rPois   .            (no helmet)
rElec   .            (no cloak)
rCorr   +            (no gloves)
SInv    .            (no boots)
Will    .....        (no amulet)
Stlth   ++           h - +6 ring of dexterity
HPRegen 0.30/turn    i - ring of resist corrosion
MPRegen 0.11/turn

%: no passive effects
@: no status effects
A: no striking features
a: no special abilities


You were on level 6 of the Dungeon.
You visited 2 branches of the dungeon, and saw 7 of its levels.

You collected 318 gold pieces.

Inventory:

Hand Weapons
 p - a +0 dagger of freezing (weapon)
Missiles
 f - 16 poisoned darts
Armour
 b - a +0 leather armour (worn)
Magical Staves
 k - a staff of air
Jewellery
 h - a +6 ring of dexterity (left hand)
 i - a ring of resist corrosion (right hand)
 o - the Hermit's Pendant {Faith Invo=14 Evo=0 MP+5}
   (You found it on level 3 of the Dungeon)

   [amulet of faith]

   Invo=14: It sets your Invocations skill to 14.
   Evo=0: It sets your Evocations skill to 0.
   It allows you to gain divine favour quickly.
   MP:        It affects your magic capacity (+5).
 y - a ring of magical power
 C - a +6 ring of dexterity
 E - a ring of ice
Wands
 d - a wand of charming (5)
 x - a wand of polymorph (9)
 B - a wand of flame (7)
Scrolls
 a - 3 scrolls of vulnerability {unknown}
 c - 2 scrolls of enchant armour {unknown}
 e - 2 scrolls of poison {unknown}
 j - 4 scrolls of identify {unknown}
 m - a scroll of magic mapping {unknown}
 s - a scroll of silence {unknown}
 t - 2 scrolls of enchant weapon {unknown}
 w - a scroll of immolation {unknown}
 A - a scroll of blinking {unknown}
 D - a scroll of noise {unknown}
Potions
 g - 2 potions of haste {unknown}
 l - 2 potions of heal wounds
 n - 2 potions of mutation {unknown}
 q - a potion of ambrosia {unknown}
 r - 2 potions of attraction {unknown}
 u - a potion of berserk rage {unknown}
 v - 3 potions of curing {unknown}
 z - a potion of brilliance {unknown}


   Skills:
 + Level 4.0 Fighting
 + Level 4.0 Short Blades
 - Level 1.9 Maces & Flails
 - Level 2.0 Armour
 + Level 5.1 Dodging
 - Level 1.0 Stealth
 + Level 4.8 Evocations


You had 7 spell levels left.
You didn't know any spells.
Your spell library contained the following spells:

 Spells                   Type           Power      Damage    Failure   Level
 Freeze                   Ice            0%         1d3       36%         1
 Frozen Ramparts          Ice            0%         1d1       73%         3
 Hailstorm                Conj/Ice       0%         3d3       73%         3


Dungeon Overview and Level Annotations

Branches:
Dungeon (6/15)             Temple (1/1) D:5

Altars:
Ashenzari
Dithmenos
Elyvilon
Hepliaklqana
Kikubaaqudgha
Makhleb
Nemelex Xobeh
Okawaru
Qazlal
Ru
Sif Muna
Trog
Uskayaw
Wu Jian
Yredelemnul
Zin

Shops:
D:5 *

Annotations:
D:1 exclusion: downstairs
D:2 exclusion: worm
D:4 2 transporters
D:6 1 exclusion


Message History

The black bear is severely wounded.
You barely miss the black bear.
The black bear is severely wounded.
The black bear goes berserk!
You hit the black bear. You freeze the black bear.
The black bear is almost dead.
The black bear bites you! The black bear misses you. x2
You are too injured to fight recklessly!
You are too injured to fight recklessly!
You are too injured to fight recklessly!
You are too injured to fight recklessly!
You are too injured to fight recklessly!
You are too injured to fight recklessly!
You are too injured to fight recklessly!
You are too injured to fight recklessly!
You are too injured to fight recklessly!
You are too injured to fight recklessly!
You are too injured to fight recklessly!
You are too injured to fight recklessly!
You are too injured to fight recklessly!
You are too injured to fight recklessly!
You are too injured to fight recklessly!
You are too injured to fight recklessly!
You are too injured to fight recklessly!
You hit the black bear. You freeze the black bear.
The black bear is almost dead.
The black bear bites you!
* * * LOW HITPOINT WARNING * * *
The black bear claws you but does no damage.
The black bear misses you. x2; The black bear claws you.
* * * LOW HITPOINT WARNING * * *
The black bear misses you.
You barely miss the black bear.
The black bear is almost dead.
The black bear bites you.
* * * LOW HITPOINT WARNING * * *
The black bear claws you.
* * * LOW HITPOINT WARNING * * *
The black bear claws you.
You die...

...##..#.####
...#...#.#..###.........
.#............#.......~~
.#.###.....# ........~≈~
...###.....# #.......~≈~
....##.....###....<...
..#.##.....##.......##
.##..<.......##h.....#### ######
....#........###@.....##.###.....
#...##.......##..........)##.....
##..##.......##....?##......8.8..
#..#.#.......##..#....#.........
...#.............#...###...8.8.8
##..#.####.#...#..#######........
.......# ###..###..# ###.........
........####..###.## #.....#.#...
.##.#.............#####......#...


You could see a black bear (berserk).

Vanquished Creatures
  Sigmund (D:4)
  A black bear (D:6)
  An ogre (D:5)
  A phantom (D:4)
  A scorpion (D:5)
  A howler monkey (D:4)
  3 hounds
  An orc priest (D:5)
  A sleepcap (D:6)
  An iguana (D:6)
  7 gnolls (D:5)
  7 adders
  A white imp (D:5)
  2 ufetubi (D:4)
  2 worms
  2 dart slugs
  2 orcs
  A bat (D:1)
  11 endoplasms
  9 giant cockroaches
  4 goblins
  5 hobgoblins
  4 jackals (D:3)
  4 kobolds
  3 quokkas
  7 ball pythons
  2 frilled lizards (D:1)
  3 rats
88 creatures vanquished.

Vanquished Creatures (collateral kills)
  An orc wizard (D:6)
  3 orcs
  An endoplasm (D:4)
  A hobgoblin (D:4)
6 creatures vanquished.

Vanquished Creatures (others)
  An orc (D:5)
1 creature vanquished.

Grand Total: 95 creatures vanquished

Notes
Turn   | Place    | Note
-------+----------+-------------------------------------------
     0 | D:1      | H0rd4k the Human Artificer began the quest for the Orb.
     0 | D:1      | Reached XP level 1. HP: 15/15 MP: 1/1
   208 | D:1      | Reached XP level 2. HP: 8/21 MP: 2/2
   632 | D:1      | Reached XP level 3. HP: 26/26 MP: 3/3
   736 | D:2      | Reached skill level 1 in Maces & Flails
  1116 | D:2      | Reached XP level 4. HP: 8/32 MP: 4/4
  1242 | D:2      | Found a faded altar of an unknown god.
  1737 | D:3      | Found the Hermit's Pendant {Faith Invo=14 Evo=0 MP+5}
  2479 | D:4      | Reached skill level 2 in Dodging
  2541 | D:4      | Noticed Sigmund
  2544 | D:4      | Killed Sigmund
  2545 | D:4      | Reached skill level 3 in Dodging
  2545 | D:4      | Reached XP level 5. HP: 39/39 MP: 5/5
  2545 | D:4      | Reached XP level 6. HP: 46/46 MP: 6/6
  2775 | D:4      | Reached skill level 1 in Short Blades
  2899 | D:4      | Found a transporter.
  2952 | D:4      | Found a transporter.
  3145 | D:4      | Reached XP level 7. HP: 19/52 MP: 7/7
  3611 | D:5      | Entered Level 5 of the Dungeon
  3626 | D:5      | Found Diom's Elemental Accessories.
  3711 | D:5      | Reached skill level 4 in Dodging
  3853 | D:5      | Found a staircase to the Ecumenical Temple.
  3891 | Temple   | Entered the Ecumenical Temple
  4564 | D:5      | Found a white marble altar of Elyvilon.
  4691 | D:5      | Found a broken altar of Ashenzari.
  4692 | D:5      | Found a hide-covered altar of Uskayaw.
  5249 | D:5      | Found a shadowy altar of Dithmenos.
  5543 | D:6      | Reached XP level 8. HP: 60/60 MP: 8/8
  5771 | D:6      | HP: 3/60 [black bear (2)]
  5821 | D:6      | Reached skill level 5 in Dodging
  6073 | D:6      | Found a sparkling altar of Nemelex Xobeh.
  6356 | D:6      | HP: 1/60 [black bear (5)]
  6356 | D:6      | Slain by a black bear

Illustrated notes

Levels and vault maps discovered:
D:1:      ldierk_walled_garden_2, layout_basic
D:2:      layout_rooms, hellmonk_ecumenical_altar_run_dry,
          minmay_worlds_worst_comb
D:3:      layout_basic
D:4:      gammafunk_steamed_eel, layout_loops_cross, uniq_sigmund
D:5:      layout_loops_corners, mainiacjoe_overflow_alcove_4,
          old_standard_altar, grunt_temple_overflow_open,
          minmay_temple_entry_glass, nicolae_elemental_shop
D:6:      layout_cave_pools, nemelex_diamond_rough_becter, dk_xom_monty_hall,
          serial_column_ruins, column_ruins_square_small,
          column_ruins_hut_ruined, column_ruins_grid_1, column_ruins_grid_1,
          column_ruins_open_small_water
Temple:   minmay_temple_curvy_loop

Skill      XL: |  1  2  3  4  5  6  7  8 |
---------------+-------------------------+-----
Maces & Flails | 1 |  1.9
Evocations     | 4 |  4.8
Dodging        | 3 4 5 |  5.1
Fighting       | 2 3 4 |  4.0
Short Blades   | 1 3 4 |  4.0
Armour         | |  2.0
Stealth        | |  1.0

Action                     |  1- 3 |  4- 6 |  7- 9 || total
---------------------------+-------+-------+-------++-------
  Melee: Club              |    93 |   102 |       ||   195
         Punch             |     2 |     3 |     2 ||     7
         Dagger            |       |   111 |   208 ||   319
  Evoke: Wand              |     9 |     9 |    15 ||    33
    Use: Potion            |     1 |       |       ||     1
   Stab: Sleeping          |     3 |     3 |     2 ||     8
         Distracted        |       |     1 |       ||     1
 Armour: Leather armour    |    27 |    71 |    40 ||   138
  Dodge: Dodged            |    56 |   166 |   169 ||   391
